 Dungeon Crawl Stone Soup version 0.20.0-10-g0535bb4 (webtiles) character file.

16264102 HungrySpirit the Demon Slayer (level 27, 199/199 HPs)
             Began as a Gargoyle Fighter on June 5, 2017.
             Was a High Priest of the Shining One.
             Escaped with the Orb
             ... and 15 runes!
             The game lasted 04:03:51 (96265 turns).

HungrySpirit the Demon Slayer (Gargoyle Fighter)   Turns: 96265, Time: 04:03:51

Health: 199/199    AC: 60    Str: 27    XL:     27
Magic:  45/45      EV: 34    Int: 18    God:    the Shining One [*****.]
Gold:   14880      SH:  4    Dex: 25    Spells: 43/43 levels left

rFire    + + +     SeeInvis +   N - +9 great mace (flame)
rCold    + . .     Gourm    .   (shield currently unavailable)
rNeg     + + +     Faith    .   C - +8 fire dragon scales
rPois    ∞         Spirit   .   z - +3 crown of Dyrovepreva {rElec Int+2 SInv}
rElec    +         Reflect  +   D - scarf {rC+ rF+}
rCorr    +         Harm     .   v - +0 pair of gloves "Woemarhi" {*Drain +Inv Str+2 Dex+8} (curse)
MR       +++..     Rnd*Rage +   r - +1 pair of boots of Midwinter {rElec rN+ rCorr Int+5}
Stlth    ..........             O - +4 amulet of reflection
Regen    0.5/turn               Y - ring of protection from cold
MPRegen  0.3/turn               e - ring of Uggiom {rElec MR+ MP+9 Slay+3}

@: flying, glowing
A: big wings, hooves 1, icy blue scales 1, thin metallic scales 2, berserk 1,
clever 1, deterioration 1, low mp 1, negative energy resistance 1, electricity
resistance, unbreathing, petrification resistance, no potion heal 1, rot
immunity, subdued magic 1, AC +20
0: Orb of Zot
}: 15/15 runes: barnacled, slimy, silver, golden, iron, obsidian, icy, bone,
abyssal, demonic, glowing, magical, fiery, dark, gossamer
a: Stop Flying, Divine Shield, Cleansing Flame, Summon Divine Warrior, Renounce
Religion, Evoke Invisibility


You escaped.
You worshipped the Shining One.
The Shining One was extremely pleased with you.
You were not hungry.

You visited 18 branches of the dungeon, and saw 90 of its levels.
You visited Pandemonium 1 time, and saw 24 of its levels.
You visited the Abyss 4 times.
You also visited: Labyrinth, Sewer, Volcano and Wizlab.

You collected 15864 gold pieces.
You spent 984 gold pieces at shops.

Inventory:

Hand Weapons
 w - a +7 great mace of flaming
 N - a +9 great mace of flaming (weapon)
Missiles
 X - 5 throwing nets (quivered)
Armour
 r - the +1 pair of boots of Midwinter (worn) {rElec rN+ rCorr Int+5}
   (You acquired it on level 3 of the Lair of Beasts)

   It affects your intelligence (+5).
   It insulates you from electricity.
   It protects you from negative energy.
   It protects you from acid and corrosion.
 v - the cursed +0 pair of gloves "Woemarhi" (worn) {*Drain +Inv Str+2 Dex+8}
   (You found it on level 6 of the Lair of Beasts)

   It affects your strength (+2).
   It affects your dexterity (+8).
   It lets you turn invisible.
   It causes draining when unequipped.
   It has a curse placed upon it.
 z - the +3 crown of Dyrovepreva (worn) {rElec Int+2 SInv}
   (You found it on level 8 of the Dungeon)

   It affects your intelligence (+2).
   It insulates you from electricity.
   It lets you see invisible.
 C - +8 fire dragon scales (worn)
 D - a scarf of resistance (worn)
 Q - the scarf of Xeusoem {Str+4 Int-5 Dex+7}
   (Okawaru gifted it to you on level 1 of the Lair of Beasts)

   It affects your strength (+4).
   It affects your intelligence (-5).
   It affects your dexterity (+7).
Jewellery
 e - the ring of Uggiom (right hand) {rElec MR+ MP+9 Slay+3}
   (You took it off Dispater on level 7 of the Iron City of Dis)

   [ring of magical power]

   It affects your accuracy and damage with ranged weapons and melee attacks
   (+3).
   It insulates you from electricity.
   It affects your resistance to hostile enchantments.
   It affects your magic capacity (+9).
 F - the ring "Tiosodioho" {rF+ EV+3}
   (You found it on level 3 of the Vaults)

   [ring of evasion]

   It affects your evasion (+3).
   It protects you from fire.
 O - a +4 amulet of reflection (around neck)
 R - the ring of the Final Lives {rF+ MR+ Str+3 Dex+4}
   (You found it in Pandemonium)

   [ring of strength]

   It affects your strength (+3).
   It affects your dexterity (+4).
   It protects you from fire.
   It affects your resistance to hostile enchantments.
 U - the amulet of the Four Winds {rN+ MR+++ Clar}
   (You bought it in a shop on level 1 of the Depths)

   [amulet of nothing]

   It protects you from negative energy.
   It affects your resistance to hostile enchantments.
   It protects you against confusion.
 V - the ring "Lugauh" {*Tele +Inv rElec rF+ rC+}
   (You found it on level 3 of the Depths)

   [ring of teleportation]

   It may teleport you next to monsters.
   It protects you from fire.
   It protects you from cold.
   It insulates you from electricity.
   It lets you turn invisible.
 Y - a ring of protection from cold (left hand)
Scrolls
 b - 37 scrolls of remove curse
 c - 9 scrolls of enchant armour
 d - 16 scrolls of teleportation
 g - 35 scrolls of identify
 i - 6 scrolls of fog
 k - a scroll of holy word
 n - 3 scrolls of brand weapon
 q - a scroll of silence
 s - a scroll of summoning
 x - a scroll of magic mapping
 y - 5 scrolls of enchant weapon
 H - 13 scrolls of recharging
 K - 10 scrolls of fear
 L - 3 scrolls of vulnerability
 Z - 10 scrolls of blinking
Potions
 l - 28 potions of curing
 o - 13 potions of brilliance
 p - a potion of cancellation
 t - 6 potions of ambrosia
 u - 2 potions of mutation
 G - 7 potions of heal wounds
 J - 6 potions of resistance
 S - 5 potions of magic
 T - 6 potions of berserk rage
 W - 3 potions of agility
Miscellaneous
 h - a lightning rod (4/4)
 j - 4 phantom mirrors
 B - 3 boxes of beasts
 I - 5 sacks of spiders
 M - a fan of gales
Comestibles
 a - 42 fruits
 f - 30 bread rations
 P - a meat ration


   Skills:
 O Level 27 Fighting
 O Level 27 Maces & Flails
 O Level 27 Armour
 * Level 26.1 Dodging
   Level 7.1 Shields
 + Level 8.5 Spellcasting
 O Level 27 Invocations
 * Level 25.1 Evocations


You had 43 spell levels left.
You didn't know any spells.

Dungeon Overview and Level Annotations

Branches:
Dungeon (15/15)            Temple (1/1) D:6            Lair (6/6) D:8
 Shoals (4/4) Lair:3       Spider (4/4) Lair:3        Slime (5/5) Lair:5
    Orc (2/2) D:12            Elf (3/3) Orc:2        Vaults (5/5) D:14
  Crypt (3/3) Vaults:2       Tomb (3/3) Crypt:3      Depths (5/5) D:15
   Hell (1/1)                 Dis (7/7) Hell            Geh (7/7) Hell
    Coc (7/7) Hell            Tar (7/7) Hell            Zot (5/5) Depths:5

Altars:
Ashenzari
Cheibriados
Elyvilon
Fedhas
Gozag
Hepliaklqana
Kikubaaqudgha
Makhleb
Nemelex Xobeh
Okawaru
Qazlal
Ru
Sif Muna
Trog
Uskayaw
Vehumet
Xom
Yredelemnul
Zin
The Shining One
Beogh

Shops:
Orc:2 (((=   Depths:1 =}=   Depths:3 ?   Depths:5 }

Portals:
Hell: Depths:1 Depths:2 Depths:3 Depths:4 Depths:5
Abyss: Depths:2 Depths:4 Depths:5
Pandemonium: Depths:3 Depths:4
Ziggurat: Depths:3
Trove: Vaults:2 (give 7 potions of haste)

Annotations:
Lair:1 exclusion: oklob plant
Shoals:1 exclusion: Roxanne, Roxanne
Vaults:1 exclusion: obsidian statue
Zot:3 exclusion: upstairs
Zot:5 exclusion: upstairs


Innate Abilities, Weirdness & Mutations

You are resistant to torment.
Your stone body is resilient. (AC +20)
You are immune to poison.
Your large and strong wings let you fly indefinitely.
You resist negative energy. (rN+)
You are resistant to electric shocks. (rElec)
You can survive without breathing.
You are immune to petrification.
You are immune to rotting.
You have large cloven feet.
You are partially covered in icy blue scales. (AC +2)
You are mostly covered in thin metallic scales. (AC +3)
You tend to lose your temper in combat.
Your mind is acute. (Int +2)
Your body sometimes deteriorates upon taking damage.
Your magical capacity is low. (-10% MP)
Potions are less effective at restoring your health.
Your spells are a little easier to cast, but a little less powerful.


Message History

You see here a ring mail.
There is a stone staircase leading up here.
You fly upwards.
There is a stone staircase leading down here.
HP restored.
There is a stone staircase leading up here.
You fly upwards.
There is a stone staircase leading down here.
An orange demon comes into view.
The orange demon screeches!
The orange demon misses you. The orange demon misses you.
You block the orange demon's attack.
You sock the orange demon! You burn the orange demon.
The orange demon is moderately wounded.
The orange demon completely misses you. The orange demon barely misses you.
You bludgeon the orange demon!! You burn the orange demon.
You kill the orange demon!
The Shining One accepts your kill.
There is a staircase leading out of the dungeon here.
You have escaped!

##### ##.# #..######.##...#
#####.##### ###.## #..#....
##.........###...#### ##..####
##...................# ##.....
#.........#.......#..########..#
#........###.....###...##......#
#.........#.......#.......####.#
#......................##..###.#
#.............#@................
##...........###.......######.#>
##......[....>#........# #.##
#....................#.# #...
#.........#.......#..#.#########
#........###.....###............
#.........#.......#...##########
#.....................#
##........######......#


There were no monsters in sight!

Vanquished Creatures
  Cerebov (Pan)
  Antaeus (Coc:7)
  Asmodeus (Geh:7)
  the Royal Jelly (Slime:5)
  Ereshkigal (Tar:7)
  the Serpent of Hell (Geh:7)
  Mnoleg (Pan)
  Lom Lobon (Pan)
  Dispater (Dis:7)
  4 orbs of fire (Zot:5)
  A juggernaut (Depths:3)
  11 ancient liches
  Mennas (Crypt:1)
  14 greater mummies
  Sojobo (Vaults:4)
  11 shard shrikes (Coc:7)
  Bai Suzhen (Depths:2)
  Xtahua (Crypt:1)
  3 curse toes
  Frederick (Vaults:3)
  Margery (Vaults:4)
  Saint Roka (Vaults:1)
  10 pandemonium lords
  2 Killer Klowns
  2 caustic shrikes (Depths:3)
  Geryon (Hell)
  14 golden dragons
  Jory (Crypt:1)
  A profane servitor (Crypt:3)
  Arachne (Spider:4)
  A Hellbinder (WizLab)
  8 bone dragons
  3 iron giants (Dis:7)
  3 electric golems
  5 doom hounds
  19 Tzitzimimeh
  The ghost of ThereIsNoGod the Shatterer, an adept GrFi of Trog (Vaults:4)
  Jorgrun (Shoals:4)
  35 Brimstone Fiends
  Rupert (D:14)
  16 Hell Sentinels
  17 Ice Fiends
  26 Orb Guardians
  21 tentacled monstrosities
  8 deep elf master archers
  6 quicksilver dragons
  15 liches
  24 Executioners
  7 deep elf blademasters
  14 acid blobs
  3 tentacled starspawn
  6 death cobs
  17 titans
  Agnes (Spider:2)
  A kraken (Shoals:1)
  23 ancient champions
  Polyphemus (Shoals:3)
  18 storm dragons
  Kirke (Shoals:3)
  The ghost of PeterMcNeter the Severer, an adept HOMo of Beogh (Spider:4)
  11 shadow dragons
  17 sphinxes
  9 azure jellies
  4 tengu reavers
  2 draconian monks
  25 fire giants
  3 draconian knights
  2 revenants
  3 orc warlords
  2 iron dragons (Dis:7)
  4 emperor scorpions
  23 frost giants
  8 black suns (Pan)
  6 ghost moths
  5 deep elf elementalists
  6 deep elf sorcerers
  The ghost of kuniqs the Covert, an adept VSFi of Uskayaw (Vaults:3)
  5 draconian scorchers
  Louise (D:14)
  15 vault wardens
  26 cacodemons
  Aizul (Vaults:4)
  41 balrugs
  5 curse skulls
  5 draconian annihilators
  5 draconian stormcallers
  19 ironheart preservers
  A draconian shifter (Zot:5)
  6 warmongers (Pan)
  3 elemental wellsprings
  An angel (Pan)
  An ophan (Pan)
  5 ghouls
  52 reapers
  23 very ugly things
  25 stone giants
  8 blood saints (Pan)
  9 war gargoyles
  A juggernaut skeleton (Crypt:1)
  7 deep elf demonologists
  8 corrupters (Pan)
  The ghost of StylePro the Severer, a journeyman DDFi of Makhleb (Lair:6)
  2 caustic shrike skeletons (Crypt:3)
  10 entropy weavers
  6 green draconians
  9 vampire knights
  7 bennus
  2 apis (Pan)
  6 lorocyprocas
  4 black draconians
  7 purple draconians
  8 white draconians
  14 deep elf annihilators
  5 dire elephants
  8 red draconians
  3 spark wasps
  6 yellow draconians
  Snorg (D:10)
  The ghost of pichaelthompson the Cruncher, a journeyman DsGl of Qazlal (Orc:2)
  14 deep elf death magi
  32 mummy priests
  A crystal guardian (Vaults:3)
  27 blizzard demons
  A minotaur (shapeshifter) (Vaults:5)
  14 ettins
  12 fire dragons
  6 merfolk javelineers
  5 eidola
  23 green deaths
  A minotaur (Lab)
  4 death oozes
  2 deep elf high priests
  7 merfolk impalers
  18 ogre magi
  12 yaktaur captains
  9 rakshasas
  A fire dragon (shapeshifter) (Vaults:5)
  5 quicksilver dragon zombies
  8 jiangshi
  9 great orbs of eyes
  2 kraken zombies (Coc:7)
  32 vault guards
  Fannar (Orc:1)
  Erolcha (Orc:1)
  6 hell beasts
  Harold (Lair:4)
  8 hydras
  7 monstrous demonspawn (Pan)
  A spriggan air mage (Depths:5)
  A ghost crab (Tar:4)
  A naga warrior (Abyss:5)
  4 merfolk avatars
  29 ice dragons
  5 quicksilver dragon skeletons
  2 merfolk aquamancers
  13 centaur warriors
  An anaconda (Lair:6)
  9 deep troll shamans
  2 alligator snapping turtles (Shoals:3)
  A catoblepas (Shoals:3)
  60 two-headed ogres
  6 death knights
  18 death scarabs
  A queen ant (Lair:6)
  26 dancing weapons
  12 tengu warriors
  39 hell hogs
  8 deep troll earth magi
  3 spriggan berserkers
  5 death yaks
  3 satyrs
  An orc high priest (Elf:1)
  11 vampire magi
  8 thrashing horrors
  2 shock serpents (shapeshifter)
  4 iron golems
  4 storm dragon zombies
  66 sun demons
  14 titan skeletons
  6 titan zombies
  28 deep elf knights
  104 skeletal warriors
  40 soul eaters
  A fire crab (shapeshifter) (Vaults:3)
  82 hell knights
  Nergalle (D:10)
  6 iron trolls
  A spectral emperor scorpion (Spider:4)
  6 storm dragon skeletons
  2 wretched stars
  6 golden dragon zombies
  37 sixfirhies
  A spatial maelstrom (Abyss:1)
  9 unseen horrors
  21 shadow wraiths
  10 sea snakes
  A cherub (Pan)
  7 glowing orange brains
  A swamp dragon (Abyss:4)
  8 ghost moth zombies
  A spark wasp zombie (Hell)
  21 shadow demons
  3 death drakes
  10 gelid demonspawn (Pan)
  6 infernal demonspawn (Pan)
  11 flayed ghosts
  4 small abominations
  8 anaconda zombies
  6 anaconda skeletons
  17 phantasmal warriors
  6 wizards
  6 torturous demonspawn (Pan)
  4 spectral wolf spiders (Spider:4)
  30 deep trolls
  A kraken simulacrum (Hell)
  4 golden dragon skeletons
  26 necromancers
  18 harpies
  19 deep elf archers
  An orb spider (shapeshifter) (Vaults:4)
  15 ironbrand convokers
  14 fire giant zombies
  19 orc knights
  20 orb spiders
  9 shadow dragon zombies
  51 ugly things
  7 stone giant zombies
  7 orc sorcerers
  7 iron dragon zombies
  10 wolf spider zombies
  14 manticores
  94 deep elf magi
  9 shadow dragon skeletons
  7 fauns
  9 elephants (Lair:6)
  8 cyclopes
  12 frost giant zombies
  A sphinx skeleton (Crypt:3)
  4 salamanders
  23 rust devils
  An apocalypse crab (Abyss:4)
  27 moths of wrath
  A worldbinder (Abyss:4)
  9 fire giant skeletons
  11 merfolk sirens
  28 wolf spiders
  6 shining eyes
  A black mamba (Lair:6)
  3 centaur zombies
  Maurice (D:8)
  2 guardian serpents (shapeshifter)
  2 shock serpent zombies
  5 frost giant skeletons
  8 iron dragon skeletons
  4 stone giant skeletons
  A guardian serpent (Abyss:5)
  4 ice statues
  33 orange demons
  4 water nymphs
  A black mamba (shapeshifter) (Vaults:1)
  The ghost of HungrySpirit the Cutter, a novice VSAs (D:7)
  3 dire elephant zombies
  63 smoke demons
  4 torpor snails
  An elephant (shapeshifter) (Depths:5)
  16 molten gargoyles
  2 gargoyles
  2 storm dragon simulacra
  4 eyes of devastation
  37 hellions
  9 dire elephant skeletons
  An iron troll zombie (Crypt:1)
  18 vault sentinels
  11 spiny frogs
  2 rime drakes
  An emperor scorpion zombie (Dis:7)
  2 kobold demonologists
  5 spectral redbacks (Spider:4)
  A yaktaur zombie (Hell)
  A rime drake (shapeshifter) (Vaults:3)
  A redback zombie (Spider:4)
  25 demonic crawlers
  A grey draconian zombie (Crypt:2)
  2 anaconda simulacra (Coc:7)
  A green draconian zombie (Dis:5)
  A komodo dragon (shapeshifter) (Vaults:3)
  48 guardian mummies
  9 efreet
  38 freezing wraiths
  23 tormentors
  11 komodo dragons
  6 tengu conjurers
  44 ice devils
  27 hellwings
  17 hydra zombies
  65 red devils
  A minotaur zombie (Geh:4)
  52 yaktaurs
  5 ancient zymes
  An iron troll skeleton (Crypt:2)
  18 trolls
  3 silent spectres
  22 merfolk
  41 jumping spiders
  2 harpy zombies
  A tyrant leech (Abyss:5)
  A spectral jumping spider (Spider:4)
  12 hornets
  4 hydra skeletons
  7 spectral tarantellas (Spider:4)
  3 catoblepas skeletons
  A tarantella zombie (Crypt:1)
  47 slime creatures
  6 bog bodies
  2 wind drakes
  A deep troll zombie (Hell)
  42 large abominations
  5 harpy skeletons
  2 spriggan zombies (Hell)
  A raiju (shapeshifter) (Vaults:1)
  16 dream sheep
  12 hippogriffs
  2 meliai zombies
  11 snapping turtles
  15 raiju
  6 alligator zombies
  A hippogriff (shapeshifter) (Vaults:4)
  8 blink frogs
  5 ice dragon zombies
  2 centaur simulacra
  4 fire dragon zombies
  2 stone giant simulacra
  7 ettin zombies
  29 shadows
  8 ice dragon skeletons
  6 ettin skeletons
  2 spriggans
  5 air elementals
  2 black mamba zombies (Geh:7)
  118 flying skulls
  A spriggan (shapeshifter) (Elf:3)
  17 fire dragon skeletons
  20 ushabtiu
  37 wraiths
  25 ynoxinuls
  100 redbacks
  3 hogs (Shoals:3)
  5 wyverns
  3 vampires
  30 water elementals
  A tarantella (shapeshifter) (Vaults:3)
  A dire elephant simulacrum (Crypt:1)
  6 fire bats (Volcano)
  39 fire elementals
  50 starcursed masses
  36 tarantellas
  4 basilisks
  33 yaks
  A golden eye (shapeshifter) (Vaults:2)
  A steam dragon (D:13)
  2 hogs (shapeshifter)
  A human (shapeshifter) (Depths:1)
  6 vampire mosquitoes
  5 hungry ghosts
  4 golden eyes
  10 chaos spawn
  An emperor scorpion simulacrum (Tar:4)
  A tengu zombie (Hell)
  10 wargs
  A naga (Abyss:5)
  20 neqoxecs
  A water nymph zombie (Crypt:2)
  9 swamp worms (Spider:4)
  14 soldier ants (Lair:6)
  2 merfolk zombies
  5 acid dragons
  8 water moccasins
  A floating eye (shapeshifter) (Vaults:3)
  56 hell hounds
  A torturous demonspawn skeleton (Geh:6)
  11 porcupines
  8 spiny frog zombies
  A hydra simulacrum (Coc:2)
  A floating eye (Pan)
  54 orc warriors
  11 spiny frog skeletons
  5 sky beasts
  7 eyes of draining
  2 hornet zombies (Spider:4)
  2 human zombies
  59 ogres
  9 snapping turtle zombies
  A black bear (shapeshifter) (Depths:1)
  10 ice beasts
  An alligator simulacrum (Coc:7)
  A manticore zombie (Geh:7)
  11 phantoms
  9 wolves (Lair:2)
  21 centaurs
  A fire dragon simulacrum (Tomb:1)
  4 swamp dragon zombies
  13 boggarts
  18 crocodiles
  3 snapping turtle skeletons
  18 necrophages
  2 manticore skeletons
  2 ettin simulacra
  4 swamp dragon skeletons
  7 big kobolds
  16 bullfrogs
  2 gnoll sergeants
  A cyclops zombie (Crypt:1)
  A wyvern skeleton (D:14)
  3 earth elementals
  A komodo dragon skeleton (Crypt:2)
  A troll zombie (Geh:7)
  5 scorpions
  4 killer bees (D:12)
  An elf simulacrum (Vaults:4)
  A polar bear zombie (Crypt:3)
  A warg skeleton (Crypt:1)
  82 wights
  A troll skeleton (Geh:7)
  An electric eel (D:6)
  A howler monkey (shapeshifter) (D:14)
  2 spriggan skeletons
  9 howler monkeys
  9 crimson imps
  7 lava snakes
  A quasit (D:11)
  5 bullfrog skeletons
  3 human simulacra
  A bullfrog zombie (D:11)
  7 centaur skeletons
  22 jellies
  Crazy Yiuf (D:5)
  23 orc priests
  29 orc wizards
  A gnoll shaman (D:7)
  8 hounds
  16 iron imps
  15 human skeletons
  2 iguanas
  29 worker ants
  A big kobold zombie (Crypt:1)
  An ogre zombie (Geh:7)
  A naga zombie (Geh:4)
  A dwarf skeleton (Crypt:2)
  A tengu skeleton (Pan)
  39 mummies
  A hound zombie (D:8)
  A howler monkey zombie (Crypt:3)
  2 worker ant zombies
  Robin (D:4)
  12 gnolls
  13 adders
  2 river rats (Sewer)
  17 shadow imps
  11 white imps
  An ufetubus (Abyss:4)
  7 oozes
  2 adder zombies
  An iguana zombie (Crypt:3)
  2 adder skeletons
  16 worms
  4 ball lightnings (Pan)
  3 leopard geckos
  106 orcs
  A bat skeleton (Crypt:1)
  7 giant cockroaches
  6 goblins
  14 hobgoblins
  10 jackals
  4 quokkas
  2 ball pythons
  5 bats
  2 frilled lizards
  A frilled lizard zombie (Crypt:2)
  2 jackal skeletons
  8 kobolds
  A kobold skeleton (Geh:6)
  A kobold zombie (Dis:2)
  A leopard gecko zombie (Crypt:3)
  A quokka skeleton (D:4)
  A quokka zombie (D:9)
  12 rats
  A plant (Spider:4)
  3 starspawn tentacles
  6 tentacles
5158 creatures vanquished.

Vanquished Creatures (collateral kills)
  Gloorx Vloq (Pan)
  An orb of fire (Zot:5)
  A shard shrike (Coc:7)
  A Killer Klown (Zot:5)
  A Brimstone Fiend (Dis:7)
  4 Tzitzimimeh (Tar:7)
  An iron giant (Dis:7)
  A lich (Tomb:3)
  2 Hell Sentinels (Dis:7)
  2 Orb Guardians (Zot:5)
  3 Ice Fiends
  3 acid blobs
  3 ancient champions
  A death cob (Zot:5)
  An eldritch tentacle (Pan)
  A shadow dragon (Tar:7)
  2 daevas (Pan)
  2 azure jellies
  A vault warden (Vaults:5)
  2 blood saints (Pan)
  2 cacodemons (Pan)
  A very ugly thing (Abyss:1)
  A balrug (Pan)
  4 reapers
  A war gargoyle (Dis:7)
  An elemental wellspring (Coc:7)
  A deep elf annihilator (Pan)
  3 bennus
  A purple draconian (Zot:5)
  An ettin (Vaults:5)
  2 green deaths (Pan)
  A blizzard demon (Dis:7)
  A mummy priest (Tomb:2)
  2 ice dragons (Coc:7)
  A spriggan air mage (Pan)
  A dancing weapon (Pan)
  3 death scarabs (Tomb:2)
  A deep troll earth mage (Vaults:5)
  A hell hog (Geh:7)
  A storm dragon zombie (Tar:7)
  A titan skeleton (Pan)
  2 soul eaters (Pan)
  3 skeletal warriors
  2 shadow wraiths
  A sixfirhy (Pan)
  A shadow demon (Tar:7)
  4 wizards (Pan)
  A fire giant zombie (Dis:7)
  An iron dragon zombie (Tar:7)
  A shining eye (Pan)
  A moth of wrath (Zot:5)
  3 rust devils (Dis:7)
  An orange demon (Pan)
  A smoke demon (Pan)
  A large abomination (Pan)
  A hellion (Dis:7)
  A demonic crawler (Pan)
  2 tormentors (Dis:7)
  3 ice devils
  2 hellwings (Pan)
  2 guardian mummies
  5 slime creatures
  2 flying skulls (Tomb:3)
  A black mamba zombie (Tar:7)
  A ynoxinul (Abyss:1)
  4 ushabtiu
  A black mamba skeleton (Tomb:2)
  A golden eye (Pan)
  2 neqoxecs (Pan)
  2 chaos spawn (Pan)
  2 eyes of draining (Pan)
  An ice beast (Coc:7)
  A swamp dragon zombie (Coc:7)
  A starcursed mass (Abyss:1)
  An iron imp (Dis:7)
  2 mummies (Tomb:2)
  An ufetubus (Abyss:1)
127 creatures vanquished.

Vanquished Creatures (others)
  9 eldritch tentacles
  A fire giant (Geh:7)
  A ghost moth (Zot:5)
  A frost giant (Crypt:2)
  A yellow draconian (WizLab)
  A merfolk javelineer (Depths:2)
  A blizzard demon (Coc:7)
  5 death scarabs (Tomb:2)
  3 hell hogs
  A titan zombie (Geh:7)
  2 hell knights (Dis:7)
  2 wizards (Pan)
  A glowing orange brain (Pan)
  A deep elf archer (WizLab)
  A torturous demonspawn (Pan)
  2 deep elf magi (Elf:2)
  2 moths of wrath (Zot:5)
  An orange demon (Pan)
  A freezing wraith (Coc:5)
  A silent spectre (Tar:7)
  A dream sheep (Shoals:3)
  3 flying skulls
  An ettin skeleton (Coc:7)
  A fire elemental (Geh:3)
  A neqoxec (Pan)
  A hell hound (Geh:7)
  A boggart (Vaults:3)
  A small abomination (Abyss:5)
  A wight (Geh:3)
  An iron imp (Dis:7)
  3 mummies (Tomb:2)
  10 ball lightnings (Pan)
  An orc skeleton (Tomb:2)
  A bush (Depths:1)
  A fire vortex (Pan)
  9 fungi
  A lurking horror (Abyss:4)
  21 plants
  5 starspawn tentacles
  29 tentacles
131 creatures vanquished.

Grand Total: 5416 creatures vanquished

Notes
Turn   | Place    | Note
-------+----------+-------------------------------------------
     0 | D:1      | HungrySpirit the Gargoyle Fighter began the quest for the Orb.
     0 | D:1      | Reached XP level 1. HP: 14/14 MP: 1/1
   120 | D:1      | Reached XP level 2. HP: 19/19 MP: 2/2
   444 | D:2      | Reached XP level 3. HP: 17/24 MP: 3/3
   806 | D:2      | Reached XP level 4. HP: 28/29 MP: 4/4
   870 | D:2      | Found a glowing silver altar of Zin.
  1289 | D:3      | Reached XP level 5. HP: 25/34 MP: 5/5
  1408 | D:3      | Found a glowing drain.
  1424 | Sewer    | Entered a sewer
  1472 | Sewer    | Noticed a big kobold
  1504 | Sewer    | Killed a big kobold
  1504 | Sewer    | Reached skill level 5 in Maces & Flails
  1504 | Sewer    | Reached XP level 6. HP: 29/40 MP: 6/6
  1615 | Sewer    | Reached skill level 5 in Fighting
  1791 | Sewer    | Reached XP level 7. HP: 44/44 MP: 7/7
  2896 | D:4      | Found a hide-covered altar of Uskayaw.
  2962 | D:4      | Reached XP level 8. HP: 47/51 MP: 8/8
  2975 | D:4      | Found a snail-covered altar of Cheibriados.
  3090 | D:4      | Got a shimmering chain mail
  3101 | D:4      | Identified the cursed +1 chain mail of Jofejaj {rF+ Dex+3 SInv} (You found it on level 4 of the Dungeon)
  3133 | D:4      | Noticed Robin
  3140 | D:4      | Killed Robin
  3473 | D:4      | Reached skill level 5 in Shields
  3478 | D:5      | Entered Level 5 of the Dungeon
  3538 | D:5      | Found a shattered altar of Ashenzari.
  3540 | D:5      | Found a shimmering altar of Xom.
  3791 | D:5      | Gained mutation: You possess an exceptional clarity of mind. [mutagenic meat]
  3792 | D:5      | Gained mutation: Your magical capacity is low. (-10% MP) [mutagenic meat]
  3794 | D:5      | Lost mutation: Your magical capacity is low. (-10% MP) [mutagenic meat]
  3795 | D:5      | Gained mutation: You are robust. (+10% HP) [mutagenic meat]
  3859 | D:5      | Found a runed door.
  4082 | D:5      | Noticed Crazy Yiuf
  4088 | D:5      | Killed Crazy Yiuf
  4719 | D:6      | Found a staircase to the Ecumenical Temple.
  4748 | D:6      | Reached XP level 9. HP: 62/62 MP: 9/9
  4761 | Temple   | Entered the Ecumenical Temple
  4794 | Temple   | Became a worshipper of Warmaster Okawaru
  5976 | D:7      | Reached * piety under Okawaru
  6030 | D:7      | Noticed HungrySpirit's ghost (novice VSAs)
  6199 | D:7      | Killed HungrySpirit's ghost
  6576 | D:7      | Reached skill level 10 in Maces & Flails
  6775 | D:8      | Found a staircase to the Lair.
  6785 | D:8      | Reached ** piety under Okawaru
  7182 | D:8      | Reached XP level 10. HP: 65/71 MP: 7/10
  7889 | D:8      | Noticed Maurice
  7921 | D:8      | Killed Maurice
  8267 | D:8      | Noticed a two-headed ogre
  8289 | D:8      | Killed a two-headed ogre
  8289 | D:8      | Reached skill level 5 in Armour
  8586 | D:9      | Reached *** piety under Okawaru
  8974 | D:9      | Found a glowing golden altar of the Shining One.
  9274 | D:10     | Entered Level 10 of the Dungeon
  9388 | D:10     | Noticed a two-headed ogre
  9402 | D:10     | Killed a two-headed ogre
  9652 | D:10     | Noticed Nergalle
  9654 | D:10     | Noticed Snorg
  9661 | D:10     | Noticed a spectral orc warlord
  9916 | D:11     | Reached XP level 11. HP: 77/79 MP: 11/11
 10049 | D:11     | Noticed a white ugly thing
 10064 | D:11     | Killed a white ugly thing
 10064 | D:11     | Reached **** piety under Okawaru
 10064 | D:11     | Reached skill level 10 in Fighting
 10279 | D:11     | Noticed a two-headed ogre
 10288 | D:11     | Killed a two-headed ogre
 10357 | D:11     | Noticed a two-headed ogre
 10357 | D:11     | Noticed a two-headed ogre
 10366 | D:11     | Killed a two-headed ogre
 10373 | D:11     | Killed a two-headed ogre
 10549 | D:11     | Noticed a purple ugly thing
 10562 | D:11     | Killed a purple ugly thing
 10562 | D:11     | Reached ***** piety under Okawaru
 10602 | D:11     | Got a spiked scale mail
 10603 | D:11     | Identified the cursed +0 scale mail "Duvvog" {rF- rN+ MR+++ SInv} (You found it on level 11 of the Dungeon)
 10672 | D:11     | Received a gift from Okawaru
 10792 | D:11     | Noticed a fire dragon
 10835 | D:11     | Got a translucent mace {crush}
 10837 | D:11     | Identified the +1 mace "Netifure" {crush, *Noise Str+5 Int+2 Dex+4} (You took it off a crimson imp on level 11 of the Dungeon)
 11219 | D:11     | Killed a fire dragon
 11409 | D:11     | Noticed a brown ugly thing
 11487 | D:11     | Reached XP level 12. HP: 88/88 MP: 12/12
 11547 | D:12     | Noticed a two-headed ogre
 11557 | D:12     | Killed a two-headed ogre
 11614 | D:10     | Killed Nergalle
 11835 | D:10     | Killed Snorg
 11835 | D:10     | Reached ****** piety under Okawaru
 12982 | Lair:1   | Entered Level 1 of the Lair of Beasts
 12997 | Lair:1   | Received a gift from Okawaru
 13002 | Lair:1   | Got a slimy scarf {god gift}
 13013 | Lair:1   | Identified the scarf of Xeusoem {Str+4 Int-5 Dex+7} (Okawaru gifted it to you on level 1 of the Lair of Beasts)
 13425 | Lair:1   | Noticed a seven-headed hydra
 13431 | Lair:1   | Killed a seven-headed hydra
 13681 | Lair:1   | You fall through a shaft!
 14255 | Lair:2   | Reached skill level 10 in Armour
 14323 | Lair:2   | Reached XP level 13. HP: 48/94 MP: 11/13
 14538 | Lair:2   | Found a hazy altar of Hepliaklqana.
 14911 | Lair:3   | Found a labyrinth entrance.
 14920 | Lab      | Entered a labyrinth
 15349 | Lab      | Noticed a minotaur
 15355 | Lab      | Killed a minotaur
 15355 | Lab      | Reached skill level 15 in Maces & Flails
 15358 | Lab      | Got a translucent ring mail
 15377 | Lab      | Identified the Almanac of Creation
 15379 | Lab      | Got a steaming leather armour
 15405 | Lab      | Identified the +5 ring mail of Catatonia {rN+ MP+9 Dex-3} (You took it off a minotaur in a labyrinth)
 15407 | Lab      | Identified the +3 leather armour "Nyeschese" {rN+ Str-5 Dex+6 Stlth+} (You found it in a labyrinth)
 15519 | Lair:3   | Found a hole to the Spider Nest.
 15553 | Lair:3   | Reached skill level 1 in Invocations
 15809 | Lair:3   | Received a gift from Okawaru
 16088 | Lair:3   | Found a staircase to the Shoals.
 16369 | Lair:3   | Identified 2 scrolls of acquirement
 16372 | Lair:3   | Got a pair of faintly glowing boots
 16378 | Lair:3   | Identified the +1 pair of boots of Midwinter {rElec rN+ rCorr Int+5} (You acquired it on level 3 of the Lair of Beasts)
 16706 | Lair:4   | Noticed Harold
 16751 | Lair:4   | Killed Harold
 17071 | Lair:4   | Found a dark tunnel.
 17121 | Volcano  | Entered a volcano
 17300 | Volcano  | Received a gift from Okawaru
 17303 | Volcano  | Got a fine morningstar {god gift}
 17373 | Volcano  | Found a burning altar of Makhleb.
 17373 | Volcano  | Noticed an ogre mage
 17390 | Volcano  | Killed an ogre mage
 17525 | Volcano  | Identified the +3 morningstar of the Doomed Warrior {protect, *Rage rF+++ MR- Dex+7} (Okawaru gifted it to you in a volcano)
 18375 | Lair:5   | Found a staircase to the Slime Pits.
 18414 | Lair:5   | Gained mutation: Your large and strong wings let you fly indefinitely. [Gargoyle growth]
 18414 | Lair:5   | Reached XP level 14. HP: 103/103 MP: 17/17
 18530 | Lair:5   | Received a gift from Okawaru
 18535 | Lair:5   | Got a heavily runed chain mail {god gift}
 18536 | Lair:5   | Identified the +1 chain mail "Faria" {Str+2 Int+2 Stlth-} (Okawaru gifted it to you on level 5 of the Lair of Beasts)
 18672 | Lair:6   | Entered Level 6 of the Lair of Beasts
 18725 | Lair:6   | Reached skill level 5 in Invocations
 19423 | Lair:6   | Noticed an entropy weaver
 19444 | Lair:6   | Killed an entropy weaver
 19608 | Lair:6   | Found a stormy altar of Qazlal.
 19609 | Lair:6   | Noticed an entropy weaver
 19624 | Lair:6   | Killed an entropy weaver
 20047 | Lair:6   | Noticed StylePro's ghost (journeyman DDFi)
 20085 | Lair:6   | Killed StylePro's ghost
 20410 | Lair:6   | Noticed a dire elephant
 20410 | Lair:6   | Noticed a dire elephant
 20441 | Lair:6   | Killed a dire elephant
 20444 | Lair:6   | Noticed a dire elephant
 20463 | Lair:6   | Killed a dire elephant
 20479 | Lair:6   | Killed a dire elephant
 20502 | Lair:6   | Received a gift from Okawaru
 20856 | Lair:6   | Noticed a dire elephant
 20878 | Lair:6   | Killed a dire elephant
 21240 | Lair:6   | Got a pair of bloodstained gloves
 21241 | Lair:6   | Identified the cursed +0 pair of gloves "Woemarhi" {*Drain +Inv Str+2 Dex+8} (You found it on level 6 of the Lair of Beasts)
 21534 | D:12     | Reached XP level 15. HP: 110/110 MP: 19/19
 22280 | D:12     | Found a staircase to the Orcish Mines.
 22440 | Orc:1    | Entered Level 1 of the Orcish Mines
 22482 | Orc:1    | Noticed Fannar
 22483 | Orc:1    | Noticed Erolcha
 22501 | Orc:1    | Killed Fannar
 22542 | Orc:1    | Killed Erolcha
 23043 | Orc:1    | Found a roughly hewn altar of Beogh.
 23149 | Orc:1    | Found a roughly hewn altar of Beogh.
 23401 | Orc:2    | Entered Level 2 of the Orcish Mines
 23640 | Orc:2    | Noticed pichaelthompson's ghost (journeyman DsGl)
 23653 | Orc:2    | Killed pichaelthompson's ghost
 23732 | Orc:2    | Noticed an orc warlord
 23819 | Orc:2    | Killed an orc warlord
 23819 | Orc:2    | Received a gift from Okawaru
 24093 | Orc:2    | Reached skill level 15 in Fighting
 24675 | Orc:2    | Found Neatsiam's Weapon Shoppe.
 24675 | Orc:2    | Found Sorif's Antique Weapon Shop.
 24676 | Orc:2    | Found Jiasycho's Jewellery Boutique.
 24676 | Orc:2    | Found Vof Baun's Weapon Shoppe.
 24796 | Orc:2    | Found a staircase to the Elven Halls.
 24818 | Orc:2    | Received a gift from Okawaru
 26095 | D:13     | Reached XP level 16. HP: 105/118 MP: 20/20
 26372 | D:14     | Found a gate to the Vaults.
 26570 | D:14     | Noticed Rupert
 26577 | D:14     | Killed Rupert
 26590 | D:14     | Noticed Louise
 26610 | D:14     | Killed Louise
 26610 | D:14     | Received a gift from Okawaru
 27050 | D:15     | Entered Level 15 of the Dungeon
 27730 | D:15     | Found a staircase to the Depths.
 28162 | Spider:1 | Entered Level 1 of the Spider Nest
 28718 | Spider:1 | Received a gift from Okawaru
 28718 | Spider:1 | Reached XP level 17. HP: 118/127 MP: 21/21
 29513 | Spider:1 | Reached skill level 15 in Armour
 30083 | Spider:2 | Noticed Agnes
 30092 | Spider:2 | Killed Agnes
 31705 | Spider:3 | Received a gift from Okawaru
 32255 | Spider:4 | Entered Level 4 of the Spider Nest
 32293 | Spider:4 | Reached skill level 1 in Dodging
 32683 | Spider:4 | Noticed PeterMcNeter's ghost (adept HOMo)
 32707 | Spider:4 | Killed PeterMcNeter's ghost
 33022 | Spider:4 | Received a gift from Okawaru
 33022 | Spider:4 | Reached XP level 18. HP: 135/135 MP: 22/22
 33123 | Spider:4 | Noticed Arachne
 33146 | Spider:4 | Killed Arachne
 34427 | Spider:4 | Received a gift from Okawaru
 34496 | Spider:4 | Got a gossamer rune of Zot
 34892 | Shoals:1 | Entered Level 1 of the Shoals
 35337 | Shoals:1 | Noticed Roxanne
 36356 | Shoals:2 | Received a gift from Okawaru
 36626 | Shoals:2 | Reached XP level 19. HP: 93/143 MP: 20/23
 37001 | Shoals:3 | Noticed Polyphemus
 37014 | Shoals:3 | Killed Polyphemus
 37014 | Shoals:3 | Reached skill level 5 in Dodging
 37250 | Shoals:3 | Noticed Kirke
 37470 | Shoals:2 | Identified the scarf of Uskayaw's Regard {rN+} (You acquired it on level 2 of the Shoals)
 37805 | Shoals:3 | Killed Kirke
 38108 | Shoals:4 | Entered Level 4 of the Shoals
 38349 | Shoals:4 | Noticed Jorgrun
 38362 | Shoals:4 | Killed Jorgrun
 38487 | Shoals:4 | Received a gift from Okawaru
 38981 | Shoals:4 | Received a gift from Okawaru
 39080 | Shoals:4 | Identified Kefun's Reference Book on Bewitchment
 39254 | Shoals:4 | Got a barnacled rune of Zot
 39611 | Elf:1    | Entered Level 1 of the Elven Halls
 39963 | Elf:1    | Received a gift from Okawaru
 40499 | Elf:1    | Reached XP level 20. HP: 106/150 MP: 24/24
 41527 | Elf:2    | Found a huge runed gate.
 41527 | Elf:2    | Found a huge runed gate.
 41527 | Elf:2    | Found a huge runed gate.
 41527 | Elf:2    | Found a huge runed gate.
 41527 | Elf:2    | Found a huge runed gate.
 42423 | Elf:3    | Entered Level 3 of the Elven Halls
 42830 | Elf:3    | Received a gift from Okawaru
 43073 | Elf:3    | Noticed a Tzitzimitl
 43625 | Elf:3    | Reached XP level 21. HP: 76/158 MP: 25/25
 44680 | Vaults:1 | Entered Level 1 of the Vaults
 44723 | Vaults:1 | Received a gift from Okawaru
 45169 | Vaults:1 | Noticed Saint Roka
 45181 | Vaults:1 | Killed Saint Roka
 45632 | Vaults:1 | Received a gift from Okawaru
 47168 | Vaults:1 | Received a gift from Okawaru
 47635 | Vaults:2 | Reached XP level 22. HP: 155/165 MP: 26/26
 48687 | Vaults:2 | Found a portal to a secret trove of treasure.
 48962 | Vaults:2 | Found a staircase to the Crypt.
 48975 | Vaults:2 | Received a gift from Okawaru
 49223 | Vaults:3 | Got a glittering iron ring
 49234 | Vaults:3 | Identified the ring "Tiosodioho" {rF+ EV+3} (You found it on level 3 of the Vaults)
 49862 | Vaults:3 | Reached skill level 10 in Dodging
 49928 | Vaults:3 | Noticed Frederick
 49937 | Vaults:3 | Killed Frederick
 50148 | Vaults:3 | Found Lapsul's Weapon Boutique.
 50222 | Vaults:3 | Noticed kuniqs's ghost (adept VSFi)
 50242 | Vaults:3 | Killed kuniqs's ghost
 50710 | Vaults:4 | Noticed Margery
 50722 | Vaults:4 | Killed Margery
 50966 | Vaults:4 | Noticed Aizul
 50979 | Vaults:4 | Killed Aizul
 50984 | Vaults:4 | Reached XP level 23. HP: 170/171 MP: 20/27
 51138 | Vaults:4 | Received a gift from Okawaru
 51160 | Vaults:4 | Noticed Sojobo
 51185 | Vaults:4 | Killed Sojobo
 52033 | Vaults:4 | Noticed ThereIsNoGod's ghost (adept GrFi)
 52066 | Vaults:4 | Killed ThereIsNoGod's ghost
 53054 | D:9      | Fell from the grace of Okawaru
 53054 | D:9      | Became a worshipper of the Shining One
 53311 | Crypt:1  | Entered Level 1 of the Crypt
 53315 | Crypt:1  | Noticed Jory
 53332 | Crypt:1  | Killed Jory
 53488 | Crypt:1  | Reached * piety under the Shining One
 53782 | Crypt:1  | Noticed Xtahua
 53801 | Crypt:1  | Paralysed by Xtahua for 6 turns
 53812 | Crypt:1  | Killed Xtahua
 54125 | Crypt:1  | Noticed Mennas
 54128 | Crypt:1  | Reached ** piety under the Shining One
 54146 | Crypt:1  | Killed Mennas
 54146 | Crypt:1  | Reached XP level 24. HP: 161/180 MP: 27/27
 54340 | Crypt:1  | Reached *** piety under the Shining One
 54814 | Crypt:2  | Reached **** piety under the Shining One
 54970 | Crypt:2  | Reached ***** piety under the Shining One
 55944 | Crypt:3  | Entered Level 3 of the Crypt
 56014 | Crypt:3  | Found a staircase to the Tomb.
 56079 | Crypt:3  | Found a magical portal.
 56088 | WizLab   | Entered The Hall of the Hellbinder
 56975 | WizLab   | Reached ****** piety under the Shining One
 57125 | WizLab   | Found a burning altar of Makhleb.
 57149 | WizLab   | Identified the Reference Book on Summoning
 57529 | Crypt:3  | Reached skill level 10 in Invocations
 57548 | Crypt:3  | Noticed an ancient lich
 57561 | Crypt:3  | Killed an ancient lich
 57778 | Crypt:3  | Was forgiven by Okawaru
 58182 | Crypt:3  | Cast into level 3 of the Abyss (a lich)
 58210 | Abyss:3  | Paralysed by accursed screaming for 1 turns
 58283 | Abyss:5  | Entered Level 5 of the Abyss
 58288 | Abyss:5  | Found a corrupted altar of Lugonu.
 58397 | Abyss:5  | Reached XP level 25. HP: 183/189 MP: 31/31
 58442 | Crypt:3  | Escaped the Abyss
 59042 | Depths:1 | Entered Level 1 of the Depths
 59346 | Depths:1 | Found a gateway to Hell.
 60121 | Depths:1 | Found Oczo's Gadget Shoppe.
 60122 | Depths:1 | Found Zafosch's Jewellery Boutique.
 60122 | Depths:1 | Found Hoejaepo's Jewellery Boutique.
 60132 | Depths:1 | Bought the amulet of the Four Winds {rN+ MR+++ Clar} for 614 gold pieces
 60305 | Hell     | Entered the Vestibule of Hell
 60305 | Hell     | Noticed Geryon
 60331 | Hell     | Killed Geryon
 60403 | Hell     | Found a gateway to the ashen valley of Gehenna.
 60423 | Geh:1    | Entered Level 1 of Gehenna
 60423 | Geh:1    | Found a gateway to Hell.
 60429 | Geh:2    | Found a gateway to Hell.
 60663 | Geh:3    | Found a gateway to Hell.
 60712 | Geh:3    | Found a gateway to Hell.
 60737 | Geh:3    | Found a gateway to Hell.
 60872 | Geh:3    | Identified a +9 great mace of holy wrath (a +8 great mace of flaming blessed by the Shining One)
 60872 | Geh:3    | Received a gift from the Shining One
 61161 | Geh:3    | Reached XP level 26. HP: 196/196 MP: 34/34
 61202 | Geh:3    | Reached skill level 15 in Invocations
 61459 | Geh:3    | Found a gateway to Hell.
 61521 | Geh:4    | Found a gateway to Hell.
 61967 | Geh:4    | Found a gateway to Hell.
 62073 | Geh:4    | Found a gateway to Hell.
 62245 | Geh:5    | Found a gateway to Hell.
 62537 | Geh:5    | Found a gateway to Hell.
 63150 | Geh:5    | Found a gateway to Hell.
 63182 | Geh:6    | Found a gateway to Hell.
 63204 | Geh:6    | Reached XP level 27. HP: 200/202 MP: 36/36
 63368 | Geh:6    | Found a gateway to Hell.
 63560 | Geh:6    | Found a gateway to Hell.
 63603 | Geh:6    | Lost mutation: You possess an exceptional clarity of mind. [mutagenic glow]
 63667 | Geh:6    | Gained mutation: You are weak. (Str -2) [mutagenic glow]
 63726 | Geh:6    | Gained mutation: Your magical capacity is low. (-10% MP) [mutagenic glow]
 63871 | Geh:7    | Entered Level 7 of Gehenna
 63871 | Geh:7    | Found a gateway to Hell.
 63871 | Geh:7    | Found a gateway to Hell.
 63871 | Geh:7    | Found a gateway to Hell.
 63937 | Geh:7    | Noticed the Serpent of Hell
 63954 | Geh:7    | Killed the Serpent of Hell
 64212 | Geh:7    | Lost mutation: You are weak. (Str -2) [mutagenic glow]
 64236 | Geh:7    | Gained mutation: Potions are less effective at restoring your health. [mutagenic glow]
 64581 | Geh:7    | Noticed Asmodeus
 64598 | Geh:7    | Killed Asmodeus
 64639 | Geh:7    | Got an obsidian rune of Zot
 64904 | Hell     | Found a gateway to the decaying netherworld of Tartarus.
 64937 | Tar:1    | Entered Level 1 of Tartarus
 64937 | Tar:1    | Found a gateway to Hell.
 65159 | Tar:2    | Found a gateway to Hell.
 65257 | Tar:3    | Found a gateway to Hell.
 65260 | Tar:4    | Found a gateway to Hell.
 65267 | Tar:4    | Found a gateway to Hell.
 65583 | Tar:5    | Found a gateway to Hell.
 65680 | Tar:6    | Found a gateway to Hell.
 65771 | Tar:7    | Entered Level 7 of Tartarus
 65771 | Tar:7    | Found a gateway to Hell.
 65771 | Tar:7    | Found a gateway to Hell.
 65771 | Tar:7    | Found a gateway to Hell.
 66681 | Tar:7    | Noticed Ereshkigal
 66703 | Tar:7    | Killed Ereshkigal
 66739 | Tar:7    | Got a bone rune of Zot
 66952 | Hell     | Found a gateway to the freezing wastes of Cocytus.
 66962 | Hell     | Reached skill level 27 in Invocations
 67065 | Hell     | Found a gateway to the Iron City of Dis.
 67070 | Dis:1    | Entered Level 1 of the Iron City of Dis
 67070 | Dis:1    | Found a gateway to Hell.
 67253 | Dis:2    | Found a gateway to Hell.
 67318 | Dis:2    | Found a gateway to Hell.
 67320 | Dis:2    | Found a gateway to Hell.
 67572 | Dis:3    | Found a gateway to Hell.
 67595 | Dis:4    | Found a gateway to Hell.
 67699 | Dis:4    | Found a gateway to Hell.
 67725 | Dis:4    | Found a gateway to Hell.
 67792 | Dis:5    | Found a gateway to Hell.
 67882 | Dis:5    | Found a gateway to Hell.
 68114 | Dis:6    | Found a gateway to Hell.
 68131 | Dis:7    | Entered Level 7 of the Iron City of Dis
 68131 | Dis:7    | Found a gateway to Hell.
 68131 | Dis:7    | Found a gateway to Hell.
 68131 | Dis:7    | Found a gateway to Hell.
 69019 | Dis:7    | Noticed Dispater
 69034 | Dis:7    | Killed Dispater
 69069 | Dis:7    | Got an iron rune of Zot
 69117 | Dis:7    | Got a twitching lapis lazuli ring
 69293 | Hell     | Identified the ring of Uggiom {rElec MR+ MP+9 Slay+3} (You took it off Dispater on level 7 of the Iron City of Dis)
 69295 | Coc:1    | Entered Level 1 of Cocytus
 69295 | Coc:1    | Found a gateway to Hell.
 69361 | Coc:2    | Found a gateway to Hell.
 69361 | Coc:2    | Found a gateway to Hell.
 69361 | Coc:2    | Found a gateway to Hell.
 69387 | Coc:3    | Found a gateway to Hell.
 69387 | Coc:3    | Found a gateway to Hell.
 69402 | Coc:4    | Found a gateway to Hell.
 69402 | Coc:4    | Found a gateway to Hell.
 69421 | Coc:4    | Found a gateway to Hell.
 69487 | Coc:5    | Found a gateway to Hell.
 69536 | Coc:6    | Found a gateway to Hell.
 69649 | Coc:7    | Entered Level 7 of Cocytus
 69649 | Coc:7    | Found a gateway to Hell.
 69649 | Coc:7    | Found a gateway to Hell.
 69649 | Coc:7    | Found a gateway to Hell.
 69952 | Coc:7    | Reached skill level 15 in Dodging
 70526 | Coc:4    | Found a gateway to Hell.
 70837 | Coc:7    | Noticed Antaeus
 71220 | Coc:5    | Found a gateway to Hell.
 71409 | Coc:7    | Killed Antaeus
 71475 | Coc:7    | Got an icy rune of Zot
 71622 | Hell     | Reached skill level 1 in Evocations
 71993 | Slime:1  | Entered Level 1 of the Pits of Slime
 72007 | Slime:2  | Gained mutation: Armour fits poorly on your strangely shaped body. [a shining eye]
 72034 | Slime:3  | Lost mutation: You are robust. (+10% HP) [a shining eye]
 72039 | Slime:3  | Gained mutation: Your spells are a little easier to cast, but a little less powerful. [a shining eye]
 72041 | Slime:3  | Gained mutation: You expend magic power (3 MP) to strengthen your wands. [a shining eye]
 72041 | Slime:3  | Gained mutation: Your body sometimes deteriorates upon taking damage. [a shining eye]
 72730 | Slime:3  | Lost mutation: Potions are less effective at restoring your health. [potion of mutation]
 72730 | Slime:3  | Lost mutation: Your magical capacity is low. (-10% MP) [potion of mutation]
 72730 | Slime:3  | Lost mutation: Your spells are a little easier to cast, but a little less powerful. [potion of mutation]
 72730 | Slime:3  | Lost mutation: You expend magic power (3 MP) to strengthen your wands. [potion of mutation]
 72730 | Slime:3  | Lost mutation: Armour fits poorly on your strangely shaped body. [potion of mutation]
 72730 | Slime:3  | Gained mutation: You have sharp toenails. [potion of mutation]
 72730 | Slime:3  | Gained mutation: You are agile. (Dex +2) [potion of mutation]
 72756 | Slime:5  | Entered Level 5 of the Pits of Slime
 72773 | Slime:5  | Noticed the Royal Jelly
 72794 | Slime:5  | Killed the Royal Jelly
 73238 | Slime:5  | Got a slimy glass ring
 73239 | Slime:5  | Identified the ring of Nihilism {*Tele rElec rPois Slay+3} (You found it on level 5 of the Pits of Slime)
 73320 | Slime:5  | Got a slimy rune of Zot
 73902 | Depths:2 | Reached skill level 5 in Evocations
 73972 | Depths:2 | Noticed Bai Suzhen
 73995 | Depths:2 | Killed Bai Suzhen
 74410 | Depths:2 | Found a one-way gate to the infinite horrors of the Abyss.
 74695 | Depths:2 | Noticed a greater mummy
 74708 | Depths:2 | Killed a greater mummy
 75184 | Depths:3 | Found a gateway to a ziggurat.
 75281 | Depths:3 | Found Wumeaham's Magic Scroll Shop.
 75287 | Depths:3 | Bought a scroll of blinking for 75 gold pieces
 75287 | Depths:3 | Bought a scroll of teleportation for 30 gold pieces
 75287 | Depths:3 | Bought a scroll of identify for 20 gold pieces
 75287 | Depths:3 | Bought a scroll of identify for 20 gold pieces
 75287 | Depths:3 | Bought a scroll of enchant weapon for 75 gold pieces
 75287 | Depths:3 | Bought a scroll of vulnerability for 75 gold pieces
 75287 | Depths:3 | Bought a scroll of vulnerability for 75 gold pieces
 75292 | Depths:3 | Found a one-way gate leading to the halls of Pandemonium.
 75707 | Depths:3 | Identified the ring of Laituim {Dex+6 Slay+2} (You found it on level 3 of the Depths)
 75721 | Depths:3 | Identified the ring "Lugauh" {*Tele +Inv rElec rF+ rC+} (You found it on level 3 of the Depths)
 75767 | Depths:3 | Noticed a juggernaut
 75776 | Depths:3 | Killed a juggernaut
 76069 | Pan      | Entered Pandemonium
 76414 | Pan      | Noticed Afientogat the pandemonium lord
 76424 | Pan      | Paralysed by a floating eye for 2 turns
 76427 | Pan      | Killed Afientogat the pandemonium lord
 76649 | Pan      | Gained mutation: Potions are less effective at restoring your health. [a cacodemon]
 76655 | Pan      | Lost mutation: You are agile. (Dex +2) [a cacodemon]
 76976 | Pan      | Reached skill level 10 in Evocations
 76999 | Pan      | Found an exit through the horrors of the Abyss.
 77161 | Pan      | Noticed Vemumm the pandemonium lord
 77167 | Pan      | Cast into level 4 of the Abyss (Vemumm)
 77186 | Abyss:5  | Entered Level 5 of the Abyss
 77186 | Abyss:5  | Found a corrupted altar of Lugonu.
 77262 | Pan      | Escaped the Abyss
 77266 | Pan      | Killed Vemumm the pandemonium lord
 77297 | Pan      | Found an exit through the horrors of the Abyss.
 77464 | Pan      | Found an exit through the horrors of the Abyss.
 77483 | Pan      | Gained mutation: Armour fits poorly on your strangely shaped body. [a cacodemon]
 77872 | Pan      | Found an exit through the horrors of the Abyss.
 78173 | Pan      | Found an exit through the horrors of the Abyss.
 78220 | Pan      | Noticed Tetzoefa the pandemonium lord
 78227 | Pan      | Killed Tetzoefa the pandemonium lord
 78469 | Pan      | Found an exit through the horrors of the Abyss.
 78624 | Pan      | Noticed Aceu the pandemonium lord
 78637 | Pan      | Killed Aceu the pandemonium lord
 78785 | Pan      | Found an exit through the horrors of the Abyss.
 78798 | Pan      | Reached skill level 27 in Maces & Flails
 79102 | Pan      | Found an exit through the horrors of the Abyss.
 79305 | Pan      | Found a runed door.
 79312 | Pan      | Found a runed door.
 79315 | Pan      | Found a runed door.
 79315 | Pan      | Noticed Kyiky the pandemonium lord
 79331 | Pan      | Killed Kyiky the pandemonium lord
 79364 | Pan      | Found a runed door.
 79747 | Pan      | Found an exit through the horrors of the Abyss.
 79985 | Pan      | Noticed Juhugo the pandemonium lord
 79998 | Pan      | Killed Juhugo the pandemonium lord
 80462 | Pan      | The Shining One protects you from harm!
 80802 | Pan      | Noticed Lemo the pandemonium lord
 80810 | Pan      | Killed Lemo the pandemonium lord
 80816 | Pan      | Identified the ring "Tiagipli" {Ice Int+2} (You found it in Pandemonium)
 80830 | Pan      | Gained mutation: Your body often deteriorates upon taking damage. [a neqoxec]
 80906 | Pan      | Reached skill level 27 in Fighting
 81063 | Pan      | Noticed Rinae the pandemonium lord
 81077 | Pan      | Killed Rinae the pandemonium lord
 81202 | Pan      | Got a demonic rune of Zot
 81325 | Pan      | Reached skill level 15 in Evocations
 81406 | Pan      | Found a white marble altar of Elyvilon.
 81867 | Pan      | Found a runed door.
 81879 | Pan      | Found an exit through the horrors of the Abyss.
 81885 | Pan      | Found a runed door.
 82141 | Pan      | Gained mutation: You are clumsy. (Dex -2) [a cacodemon]
 82205 | Pan      | Entered the realm of Lom Lobon.
 82703 | Pan      | Reached skill level 27 in Armour
 82728 | Pan      | Found an exit through the horrors of the Abyss.
 83055 | Pan      | Noticed Lom Lobon
 83099 | Pan      | Killed Lom Lobon
 83132 | Pan      | Got a magical rune of Zot
 83334 | Pan      | Noticed Zaihesk the pandemonium lord
 83337 | Pan      | Killed Zaihesk the pandemonium lord
 83527 | Pan      | Entered the realm of Cerebov.
 83527 | Pan      | Found an exit through the horrors of the Abyss.
 83838 | Pan      | Got a coiled granite ring
 83839 | Pan      | Identified the ring of the Final Lives {rF+ MR+ Str+3 Dex+4} (You found it in Pandemonium)
 83955 | Pan      | Noticed Cerebov
 84113 | Pan      | Killed Cerebov
 84131 | Pan      | Got a shimmering jade amulet
 84132 | Pan      | Identified the amulet "Ivvib" {Harm *Drain rC+ Str+3 Int+7} (You found it in Pandemonium)
 84152 | Pan      | Got a fine ivory amulet
 84153 | Pan      | Identified the amulet of Turr {Inacc rElec} (You found it in Pandemonium)
 84171 | Pan      | Got a fiery rune of Zot
 84238 | Pan      | Entered the realm of Gloorx Vloq.
 84337 | Pan      | Found an exit through the horrors of the Abyss.
 84528 | Pan      | Noticed Gloorx Vloq
 84537 | Pan      | Killed Gloorx Vloq
 84552 | Pan      | Got a dark rune of Zot
 84889 | Pan      | Entered the realm of Mnoleg.
 84968 | Pan      | Gained mutation: You occasionally shout uncontrollably at your foes. [a cacodemon]
 85006 | Pan      | Noticed Mnoleg
 85008 | Pan      | Gained mutation: Scrolls take you a little longer to read. [a neqoxec]
 85015 | Pan      | Killed Mnoleg
 85071 | Pan      | Gained mutation: Your magical capacity is low. (-10% MP) [a neqoxec]
 85072 | Pan      | Gained mutation: You are frail. (-10% HP) [a neqoxec]
 85081 | Pan      | Gained mutation: Your magical capacity is very low. (-20% MP) [a shining eye]
 85205 | Pan      | Got a glowing rune of Zot
 85360 | Pan      | Gained mutation: You are dopey. (Int -2) [a cacodemon]
 85393 | Pan      | Gained mutation: You sometimes yell uncontrollably at your foes. [a shining eye]
 85676 | Pan      | Found an exit through the horrors of the Abyss.
 85688 | Pan      | Took an exit into the Abyss.
 85688 | Abyss:1  | Escaped into the Abyss
 85708 | Abyss:1  | Noticed an ancient lich
 85712 | Abyss:1  | Killed an ancient lich
 85720 | Abyss:1  | Lost mutation: Scrolls take you a little longer to read. [potion of mutation]
 85720 | Abyss:1  | Lost mutation: Your body often deteriorates upon taking damage. [potion of mutation]
 85720 | Abyss:1  | Lost mutation: You are dopey. (Int -2) [potion of mutation]
 85720 | Abyss:1  | Lost mutation: You are clumsy. (Dex -2) [potion of mutation]
 85720 | Abyss:1  | Lost mutation: You sometimes yell uncontrollably at your foes. [potion of mutation]
 85720 | Abyss:1  | Lost mutation: Your body sometimes deteriorates upon taking damage. [potion of mutation]
 85720 | Abyss:1  | Gained mutation: You are partially covered in thin metallic scales. (AC +2) [potion of mutation]
 85790 | Abyss:1  | Paralysed by accursed screaming for 1 turns
 85934 | Abyss:2  | Gained mutation: You are partially covered in icy blue scales. (AC +2) [a cacodemon]
 85973 | Abyss:3  | Got a pair of faintly humming gloves
 85974 | Abyss:3  | Identified the +2 pair of gloves "Buzuug" {rF+ Int+3} (You acquired it on level 3 of the Abyss)
 86147 | Abyss:4  | Got an abyssal rune of Zot
 86162 | Abyss:5  | Entered Level 5 of the Abyss
 86204 | Depths:3 | Escaped the Abyss
 86311 | Depths:3 | Lost mutation: You occasionally shout uncontrollably at your foes. [potion of mutation]
 86311 | Depths:3 | Lost mutation: Armour fits poorly on your strangely shaped body. [potion of mutation]
 86311 | Depths:3 | Gained mutation: Your flesh is cold resistant. (rC+) [potion of mutation]
 86311 | Depths:3 | Lost mutation: Your magical capacity is very low. (-20% MP) [potion of mutation]
 86311 | Depths:3 | Gained mutation: Your natural rate of healing is unusually fast. [potion of mutation]
 86564 | Tomb:1   | Entered Level 1 of the Tomb of the Ancients
 86743 | Tomb:1   | Paralysed by a sphinx for 5 turns
 86939 | Tomb:1   | Noticed a greater mummy
 86939 | Tomb:1   | Noticed a greater mummy
 86951 | Tomb:1   | Killed a greater mummy
 86952 | Tomb:1   | Killed a greater mummy
 86996 | Tomb:1   | Cast into level 4 of the Abyss (a lich)
 87017 | Tomb:1   | Escaped the Abyss
 87231 | Tomb:2   | Noticed an ancient lich
 87236 | Tomb:2   | Noticed a greater mummy
 87239 | Tomb:2   | Noticed a greater mummy
 87240 | Tomb:2   | Killed a greater mummy
 87246 | Tomb:2   | Killed an ancient lich
 87250 | Tomb:2   | Noticed a greater mummy
 87251 | Tomb:2   | Killed a greater mummy
 87273 | Tomb:2   | Killed a greater mummy
 87761 | Tomb:2   | Lost mutation: You have sharp toenails. [potion of mutation]
 87761 | Tomb:2   | Lost mutation: Your natural rate of healing is unusually fast. [potion of mutation]
 87761 | Tomb:2   | Lost mutation: You are frail. (-10% HP) [potion of mutation]
 87761 | Tomb:2   | Lost mutation: Potions are less effective at restoring your health. [potion of mutation]
 87761 | Tomb:2   | Lost mutation: Your magical capacity is low. (-10% MP) [potion of mutation]
 87761 | Tomb:2   | Gained mutation: You are resistant to hostile enchantments. (MR+) [potion of mutation]
 87809 | Tomb:3   | Entered Level 3 of the Tomb of the Ancients
 87833 | Tomb:3   | Noticed a greater mummy
 87836 | Tomb:3   | Noticed a greater mummy
 87842 | Tomb:3   | Noticed a greater mummy
 87900 | Tomb:3   | Noticed an ancient lich
 87905 | Tomb:3   | Noticed a greater mummy
 87910 | Tomb:3   | Noticed a greater mummy
 87910 | Tomb:3   | Noticed a greater mummy
 88363 | Tomb:3   | Noticed a greater mummy
 88370 | Tomb:3   | Killed a greater mummy
 88370 | Tomb:3   | Killed an ancient lich
 88370 | Tomb:3   | Killed a greater mummy
 88371 | Tomb:3   | Killed a greater mummy
 88373 | Tomb:3   | Killed a greater mummy
 88374 | Tomb:3   | Noticed a greater mummy
 88374 | Tomb:3   | Killed a greater mummy
 88374 | Tomb:3   | Killed a greater mummy
 88374 | Tomb:3   | Killed a greater mummy
 88386 | Tomb:3   | Killed a greater mummy
 88512 | Tomb:3   | Got a crude amethyst amulet
 88513 | Tomb:3   | Identified the amulet of the Swan {Gourm MR++} (You found it on level 3 of the Tomb of the Ancients)
 88586 | Tomb:3   | Got a golden rune of Zot
 88970 | Vaults:5 | Entered Level 5 of the Vaults
 89080 | Vaults:5 | Got a silver rune of Zot
 90399 | Depths:5 | Entered Level 5 of the Depths
 90796 | Depths:5 | Found Gur Ciat's Gadget Shop.
 90963 | Depths:5 | Found a gate to the Realm of Zot.
 91334 | Zot:1    | Entered Level 1 of the Realm of Zot
 93571 | Zot:4    | Reached skill level 1 in Spellcasting
 94448 | Zot:5    | Entered Level 5 of the Realm of Zot
 94900 | Zot:5    | Noticed an ancient lich
 94911 | Zot:5    | Killed an ancient lich
 94991 | Zot:5    | Noticed an orb of fire
 94993 | Zot:5    | Noticed an ancient lich
 94994 | Zot:5    | Gained mutation: Your magical capacity is low. (-10% MP) [an orb of fire]
 94996 | Zot:5    | Noticed an ancient lich
 94998 | Zot:5    | Gained mutation: Armour fits poorly on your strangely shaped body. [an orb of fire]
 95000 | Zot:5    | Killed an orb of fire
 95006 | Zot:5    | Killed an ancient lich
 95006 | Zot:5    | Reached skill level 5 in Spellcasting
 95008 | Zot:5    | Noticed an ancient lich
 95013 | Zot:5    | Killed an ancient lich
 95021 | Zot:5    | Noticed an ancient lich
 95031 | Zot:5    | Killed an ancient lich
 95041 | Zot:5    | Killed an ancient lich
 95052 | Zot:5    | Noticed an orb of fire
 95055 | Zot:5    | Gained mutation: You are frail. (-10% HP) [an orb of fire]
 95065 | Zot:5    | Gained mutation: Your body sometimes deteriorates upon taking damage. [an orb of fire]
 95065 | Zot:5    | Gained mutation: You are clumsy. (Dex -2) [an orb of fire]
 95070 | Zot:5    | Killed an orb of fire
 95081 | Zot:5    | Noticed an orb of fire
 95084 | Zot:5    | Gained mutation: Potions are less effective at restoring your health. [an orb of fire]
 95085 | Zot:5    | Gained mutation: You tend to lose your temper in combat. [an orb of fire]
 95085 | Zot:5    | Gained mutation: Your spells are a little easier to cast, but a little less powerful. [an orb of fire]
 95087 | Zot:5    | Noticed an orb of fire
 95097 | Zot:5    | Gained mutation: You are very frail. (-20% HP) [an orb of fire]
 95100 | Zot:5    | Killed an orb of fire
 95102 | Zot:5    | Gained mutation: Scrolls take you a little longer to read. [an orb of fire]
 95105 | Zot:5    | Killed an orb of fire
 95124 | Zot:5    | Lost mutation: Armour fits poorly on your strangely shaped body. [potion of mutation]
 95124 | Zot:5    | Lost mutation: You are resistant to hostile enchantments. (MR+) [potion of mutation]
 95124 | Zot:5    | Lost mutation: Your flesh is cold resistant. (rC+) [potion of mutation]
 95124 | Zot:5    | Gained mutation: You have large cloven feet. [potion of mutation]
 95125 | Zot:5    | Lost mutation: You are very frail. (-20% HP) [potion of mutation]
 95125 | Zot:5    | Lost mutation: You tend to lose your temper in combat. [potion of mutation]
 95125 | Zot:5    | Lost mutation: You are clumsy. (Dex -2) [potion of mutation]
 95125 | Zot:5    | Gained mutation: Your mind is acute. (Int +2) [potion of mutation]
 95126 | Zot:5    | Lost mutation: Scrolls take you a little longer to read. [potion of mutation]
 95126 | Zot:5    | Lost mutation: You are frail. (-10% HP) [potion of mutation]
 95126 | Zot:5    | Lost mutation: Your mind is acute. (Int +2) [potion of mutation]
 95126 | Zot:5    | Gained mutation: Your mind is acute. (Int +2) [potion of mutation]
 95126 | Zot:5    | Gained mutation: You are mostly covered in thin metallic scales. (AC +3) [potion of mutation]
 95408 | Zot:5    | Noticed an ancient lich
 95420 | Zot:5    | Killed an ancient lich
 95432 | Zot:5    | Noticed an ancient lich
 95440 | Zot:5    | Killed an ancient lich
 95538 | Zot:5    | Noticed an orb of fire
 95541 | Zot:5    | Gained mutation: You tend to lose your temper in combat. [an orb of fire]
 95547 | Zot:5    | Killed an orb of fire
 95626 | Zot:5    | Got the Orb of Zot
 95690 | Zot:3    | Noticed Imuidduj the pandemonium lord
 95696 | Zot:3    | Killed Imuidduj the pandemonium lord
 96125 | D:6      | Noticed a seraph
 96265 | D:$      | Escaped with the Orb!

Skill      XL: |  1  2  3  4  5  6  7  8  9 10 11 12 13 14 15 16 17 18 19 20 21 22 23 24 25 26 27 |
---------------+----------------------------------------------------------------------------------+-----
Maces & Flails | 3 4 5 6 8 10 11 13 14 15 17 18 19 20 21 22 23 24 25 27 | 27.0
Fighting       | 4 5 6 7 8 9 11 12 13 14 15 16 17 18 19 20 21 27 | 27.0
Shields        | 4 6 7 |  7.1
Armour         | 6 8 10 11 12 13 14 15 16 17 18 19 20 21 27 | 27.0
Invocations    | 4 5 11 14 19 27 | 27.0
Dodging        | 2 4 6 7 9 10 11 12 26 | 26.1
Evocations     | 25 | 25.1
Spellcasting   | 8 |  8.5

Action                   |  1- 3 |  4- 6 |  7- 9 | 10-12 | 13-15 | 16-18 | 19-21 | 22-24 | 25-27 || total
-------------------------+-------+-------+-------+-------+-------+-------+-------+-------+-------++-------
Melee: Flail             |   131 |   149 |   613 |   224 |       |       |       |       |       ||  1117
       Dire flail        |       |       |       |   558 |  1476 |       |       |       |       ||  2034
       Great mace        |       |       |       |       |    68 |  1360 |  1512 |  1926 |  7487 || 12353
Throw: Throwing net      |       |       |       |       |     1 |     3 |       |       |     1 ||     5
Invok: Heroism           |       |       |     1 |    17 |    25 |    15 |    20 |    11 |       ||    89
       Finesse           |       |       |       |     1 |     4 |     2 |     1 |     4 |       ||    12
       Cleansing Flame   |       |       |       |       |       |       |       |     8 |   270 ||   278
       Divine Shield     |       |       |       |       |       |       |       |     7 |    25 ||    32
       Brand Weapon With |       |       |       |       |       |       |       |       |     1 ||     1
       Summon Divine War |       |       |       |       |       |       |       |       |    45 ||    45
 Abil: Fly               |       |       |       |       |     1 |       |       |     1 |       ||     2
       Stop Flying       |       |       |       |       |       |       |       |     1 |       ||     1
Evoke: Wand              |       |       |     2 |       |     1 |     2 |       |       |       ||     5
  Use: Potion            |       |     4 |     1 |     8 |     1 |     2 |       |     3 |    39 ||    58
       Scroll            |       |       |       |     8 |    41 |     9 |    19 |     3 |    57 ||   137
 Stab: Held in net/web   |       |       |       |       |       |     1 |       |       |       ||     1
       Invisible         |       |       |       |       |       |    14 |       |       |       ||    14
  Eat: Chunk             |       |     2 |    22 |    17 |    18 |    15 |    25 |    19 |     5 ||   123
       Royal jelly       |       |     1 |       |     3 |     3 |     4 |     1 |     1 |    20 ||    33
       Meat ration       |       |       |       |     2 |     1 |     3 |     2 |     4 |    16 ||    28
       Fruit             |       |       |       |     3 |    12 |       |       |       |     1 ||    16
       Bread ration      |       |       |       |       |       |       |       |       |    14 ||    14
Armor: Scale mail        |    37 |       |       |       |       |       |       |       |       ||    37
       Plate armour      |    47 |   112 |    80 |       |       |       |       |       |       ||   239
       Chain mail        |       |       |   245 |   298 |       |       |       |       |       ||   543
       Fire dragon scale |       |       |       |   102 |   727 |  1044 |   796 |   851 |  3502 ||  7022
Dodge: Dodged            |    39 |    15 |   112 |   230 |   526 |   656 |   842 |  1226 |  6719 || 10365
Block: Shield            |    68 |    75 |   325 |   121 |       |       |       |       |       ||   589
       Other             |       |       |       |    42 |   168 |   206 |   181 |   304 |  1553 ||  2454
       Reflection        |       |       |       |     1 |     5 |     6 |    15 |    16 |    33 ||    76
